 Dungeon Crawl Stone Soup version 0.21.1-1-g345015f (webtiles) character file.

3236 vatarom the Nimble (level 9, -1/80 HPs)
             Began as a Troll Monk on May 30, 2018.
             Slain by a wolf (4 damage)
             ... led by Grum
             ... on level 7 of the Dungeon.
             The game lasted 00:10:52 (6292 turns).

vatarom the Nimble (Troll Monk)                     Turns: 6292, Time: 00:10:53

Health: -1/80      AC:  5    Str: 21    XL:     9   Next: 66%
Magic:  8/8        EV: 21    Int:  9    God:
Gold:   450        SH:  0    Dex: 17    Spells: 8/8 levels left

rFire    . . .     SeeInvis .     - Unarmed
rCold    . . .     Gourm    +   (no shield)
rNeg     . . .     Faith    .   a - +0 robe
rPois    .         Spirit   .   (helmet restricted)
rElec    .         Reflect  .   (no cloak)
rCorr    .         Harm     .   (gloves unavailable)
MR       +....                  (boots unavailable)
Stlth    +++.......             (no amulet)
HPRegen  0.63/turn              (no ring)
MPRegen  0.11/turn              (no ring)

@: agile
A: large, unfitting armour, claws 3, blurry vision 1, fast metabolism 3,
gourmand, magic resistance 1, regeneration 1, shaggy fur 1, tough skin 2
a: no special abilities


You were on level 7 of the Dungeon.
You were full.

You visited 2 branches of the dungeon, and saw 9 of its levels.

You collected 450 gold pieces.

Inventory:

Missiles
 i - 2 throwing nets (quivered) {!f}
Armour
 a - a +0 robe (worn)
Jewellery
 p - an uncursed amulet of harm
Wands
 c - a wand of flame (18)
 l - a wand of digging (18) {@v1}
Scrolls
 e - 2 scrolls of remove curse {@r2}
 g - a scroll of fog {unknown}
 k - 2 scrolls of blinking {unknown}
 m - a scroll of amnesia {unknown}
 o - a scroll of enchant weapon {unknown}
 q - 2 scrolls of fear {unknown}
 s - a scroll of magic mapping {unknown}
Potions
 r - a potion of magic
Books
 h - a book of Air

   Spells                             Type                      Level
   a - Shock                          Conjuration/Air              1
   b - Swiftness                      Charms/Air                   2
   c - Static Discharge               Conjuration/Air              3
   d - Airstrike                      Air                          4
   e - Lightning Bolt                 Conjuration/Air              5
 j - a book of Battle

   Spells                             Type                      Level
   a - Infusion                       Charms                       1
   b - Shroud of Golubria             Charms/Translocation         2
   c - Song of Slaying                Charms                       2
   d - Spectral Weapon                Hexes/Charms                 3
   e - Regeneration                   Charms/Necromancy            3
Comestibles
 b - 8 rations {@e1}


   Skills:
 - Level 2.4 Fighting
 * Level 9.7 Dodging
 - Level 1.0 Stealth
 + Level 8.5 Unarmed Combat


You had 8 spell levels left.
You didn't know any spells.

Dungeon Overview and Level Annotations

Branches:
Dungeon (8/15)             Temple (1/1) D:4
   Lair: D:8-11

Altars:
Ashenzari
Cheibriados
Dithmenos
Elyvilon
Fedhas
Kikubaaqudgha
Makhleb
Nemelex Xobeh
Okawaru
Sif Muna
Trog
Uskayaw
Vehumet
Wu Jian
Xom
Yredelemnul
Zin
The Shining One

Shops:
D:5 *

Annotations:
D:8 Grum, Maurice


Innate Abilities, Weirdness & Mutations

You are too large for most types of armour.
You have claws for hands.
Your metabolism is lightning-fast.
You like to eat raw meat.
Your natural rate of healing is unusually fast.
You are covered in fur. (AC +1)
You have very tough skin. (AC +2)
Scrolls take you a little longer to read.
You are resistant to hostile enchantments. (MR+)


Message History

You barely miss the wolf. The wolf completely misses you.
The wolf closely misses you. The wolf completely misses you.
You scratch the wolf.
The wolf is lightly wounded.
The wolf misses you. x2
You closely miss the wolf. Your claw misses the wolf.
The wolf completely misses you. The wolf bites you!
* * * LOW HITPOINT WARNING * * *
The wolf bites you!
* * * LOW HITPOINT WARNING * * *
The wolf completely misses you. The wolf bites you.
* * * LOW HITPOINT WARNING * * *
The wolf closely misses you. The wolf bites you but does no damage.
The wolf bites you.
* * * LOW HITPOINT WARNING * * *
The wolf completely misses you.
Really read with blurry vision while enemies are nearby?
The wolf bites you.
You die...

##..#..#####.........####....##..
##.####............#.####........
#..# ##........#..#..##.........
#..# ##......(.#..##....#.......
...# ##...##...##..##...###.....#
##.###...###....#..###.## ##....#
##......# ##...#..##..#####....#
##.....# #..h....#...........#
#......####..h@................
#.##....##...h.....######..#...
###.####.....###.....# ##.#....
##..........## ##....# #.......
............### ##...## ##.....#.
#..####......[####....###....###.
#.#..##.........##.....#.....##..
...##..................)....###..
#..#.#.#.....>.....#.#......##..#


You could see 3 wolves.

Vanquished Creatures
  A hippogriff (D:7)
  Sigmund (D:6)
  Menkaure (D:7)
  Edmund (D:6)
  Duvessa (D:6)
  A water moccasin (D:7)
  An orc warrior (D:6)
  A phantom (D:6)
  5 sky beasts
  A black bear (D:7)
  An ice beast (D:7)
  2 ogres
  A centaur (D:6)
  A big kobold (D:7)
  3 bullfrogs
  Dowan (D:6)
  5 killer bees (D:7)
  A jelly (D:5)
  3 crimson imps
  2 hounds
  An orc priest (D:7)
  A centaur skeleton (D:5)
  A bullfrog skeleton (D:6)
  6 orc wizards
  Jessica (D:3)
  An iguana (D:7)
  4 worker ants
  A hound zombie (D:7)
  A hound skeleton (D:5)
  A howler monkey skeleton (D:2)
  3 gnolls (D:4)
  12 adders
  An adder zombie (D:5)
  A worm (D:4)
  4 dart slugs
  4 leopard geckos
  15 orcs
  5 giant cockroaches
  8 goblins
  2 hobgoblins (D:3)
  2 jackals (D:2)
  5 quokkas
  2 ball pythons (D:1)
  5 bats
  2 frilled lizards
  11 kobolds
  A quokka zombie (D:5)
  6 rats
141 creatures vanquished.

Notes
Turn   | Place    | Note
-------+----------+-------------------------------------------
     0 | D:1      | vatarom the Troll Monk began the quest for the Orb.
     0 | D:1      | Reached XP level 1. HP: 22/22 MP: 0/0
   212 | D:1      | Reached XP level 2. HP: 29/29 MP: 1/1
   265 | D:1      | Reached skill level 3 in Dodging
   743 | D:1      | Reached XP level 3. HP: 36/36 MP: 2/2
  1431 | D:3      | Noticed Jessica
  1435 | D:3      | Killed Jessica
  1435 | D:3      | Reached XP level 4. HP: 37/44 MP: 3/3
  1833 | D:4      | Reached skill level 4 in Dodging
  1843 | D:3      | Reached XP level 5. HP: 37/50 MP: 4/4
  1906 | D:4      | Found a staircase to the Ecumenical Temple.
  2026 | Temple   | Entered the Ecumenical Temple
  2488 | D:5      | Entered Level 5 of the Dungeon
  2527 | D:5      | Reached XP level 6. HP: 53/59 MP: 5/5
  2622 | D:5      | Reached skill level 5 in Dodging
  2883 | D:5      | Reached skill level 5 in Unarmed Combat
  2999 | D:5      | Noticed a sky beast
  3007 | D:5      | Killed a sky beast
  3007 | D:5      | Reached XP level 7. HP: 49/66 MP: 6/6
  3111 | D:5      | Found a blossoming altar of Fedhas.
  3267 | D:5      | Found Opsi's General Store.
  3500 | D:6      | Reached skill level 6 in Dodging
  3502 | D:6      | Noticed Duvessa
  3624 | D:6      | Noticed Dowan
  3636 | D:6      | Killed Dowan
  3643 | D:6      | Gained mutation: Scrolls take you a little longer to read. [potion of mutation]
  3643 | D:6      | Gained mutation: You are resistant to hostile enchantments. (MR+) [potion of mutation]
  3647 | D:6      | Killed Duvessa
  3805 | D:6      | Reached XP level 8. HP: 69/74 MP: 7/7
  3873 | D:6      | Reached skill level 7 in Dodging
  4027 | D:6      | Found a shadowy altar of Dithmenos.
  4058 | D:6      | Noticed Edmund
  4073 | D:6      | Killed Edmund
  4107 | D:6      | Noticed Sigmund
  4113 | D:6      | Killed Sigmund
  4229 | D:6      | Reached skill level 8 in Dodging
  4568 | D:6      | Got a crystal trident
  4571 | D:6      | Identified the cursed +1 trident "Qibogeagg" {elec, rPois rN+} (You found it on level 6 of the Dungeon)
  4686 | D:7      | Reached XP level 9. HP: 50/80 MP: 8/8
  4849 | D:7      | Noticed Menkaure
  4863 | D:7      | Killed Menkaure
  4995 | D:7      | Reached skill level 9 in Dodging
  6261 | D:8      | Noticed Maurice
  6262 | D:8      | Noticed Grum
  6288 | D:7      | HP: 4/80 [wolf[Grum] (8)]
  6292 | D:7      | Slain by a wolf

Skill      XL: |  1  2  3  4  5  6  7  8  9 |
---------------+----------------------------+-----
Dodging        | 3 4 5 6 8 9 |  9.7
Unarmed Combat | 4 5 6 7 8 |  8.5
Fighting       | |  2.4
Stealth        | |  1.0

Action                   |  1- 3 |  4- 6 |  7- 9 || total
-------------------------+-------+-------+-------++-------
Melee: Unarmed           |    92 |   164 |   264 ||   520
       Punch             |       |     1 |     7 ||     8
  Use: Potion            |       |       |    11 ||    11
       Scroll            |       |       |     3 ||     3
 Stab: Sleeping          |     1 |     2 |     1 ||     4
  Eat: Chunk             |    19 |    14 |    21 ||    54
       Ration            |       |       |     2 ||     2
Armor: Robe              |    32 |    32 |    69 ||   133
       Skin              |       |       |    39 ||    39
Dodge: Dodged            |    60 |    70 |   215 ||   345
